 Dungeon Crawl Stone Soup version 0.28-a0-556-gab23d0e057 (webtiles) character file.

Game seed: 6623033559983449442

10108 jasper the Devastator (level 11, -1/68 HPs)
             Began as a Demonspawn Venom Mage on Sept 28, 2021.
             Was an Elder of Vehumet.
             Killed from afar by an ice statue (9 damage)
             ... with a freezing blast
             ... in an ice cave.
             The game lasted 00:20:14 (12369 turns).

jasper the Devastator (Demonspawn Venom Mage)      Turns: 12369, Time: 00:20:15

Health: -1/68      AC: 11    Str:  8    XL:     11   Next: 31%
Magic:  18/18      EV: 13    Int: 24    God:    Vehumet [****..]
Gold:   346        SH:  0    Dex: 26    Spells: 5/19 levels left

rFire   . . .      SeeInvis .   b - +11 scimitar of Soiteosk {spect, Int+4}
rCold   . . .      Faith    .   (no shield)
rNeg    . . .      Spirit   .   K - +0 steam dragon scales
rPois   .          Reflect  .   (no helmet)
rElec   .          Harm     .   g - +1 cloak
rCorr   .          Rampage  .   y - +2 pair of gloves
Will    .....                   m - +0 pair of boots
Stlth   +++.......              t - amulet of magic regeneration
HPRegen 0.21/turn               j - +6 ring of dexterity
MPRegen 0.41/turn               p - +6 ring of dexterity

@: no status effects
A: hooves 2, foul stench 2, spiny 2, sturdy frame 1
a: Renounce Religion


You were in an ice cave.
You worshipped Vehumet.
Vehumet was greatly pleased with you.
You visited 2 branches of the dungeon, and saw 12 of its levels.
You also visited: Ice Cave.

You collected 577 gold pieces.
You spent 231 gold pieces at shops.

Inventory:

Hand Weapons
 b - the +11 scimitar of Soiteosk (weapon) {spect, Int+4}
   (You acquired it on level 10 of the Dungeon)

   When its wielder attacks, the weapon's spirit leaps out and strikes again.
   The spirit shares a part of any damage it takes with its wielder.
   Int:       It affects your intelligence (+4).
 d - a +1 dagger
 f - a +0 spear
Missiles
 i - 410 stones
 Q - 2 throwing nets
Armour
 a - a +0 robe
 g - a +1 cloak (worn)
 m - a +0 pair of boots (worn)
 y - a +2 pair of gloves (worn)
 C - a +0 buckler
 K - +0 steam dragon scales (worn)
 N - a +0 kite shield
Magical Staves
 O - a staff of earth
Jewellery
 j - a +6 ring of dexterity (left hand)
 p - a +6 ring of dexterity (right hand)
 t - an amulet of magic regeneration (around neck)
 v - a ring of willpower
 S - an amulet of regeneration
Wands
 r - a wand of flame (36)
 B - a wand of paralysis (21)
 G - a wand of iceblast (8)
 H - a wand of acid (10)
 I - a wand of digging (1)
 M - a wand of charming (21)
Scrolls
 c - 3 scrolls of blinking
 h - 4 scrolls of enchant armour
 s - a scroll of teleportation
 A - 2 scrolls of identify
 E - 3 scrolls of enchant weapon
 L - 2 scrolls of amnesia
 R - 2 scrolls of magic mapping
Potions
 e - a potion of invisibility
 k - a potion of cancellation
 l - 2 potions of might
 n - a potion of resistance
 o - 2 potions of degeneration
 q - 2 potions of mutation {unknown}
 u - a potion of magic {unknown}
 w - 2 potions of ambrosia {unknown}
 z - a potion of haste {unknown}
 D - 4 potions of flight {unknown}
 F - 2 potions of curing {unknown}
 J - 3 potions of lignification {unknown}
 P - 2 potions of attraction {unknown}


   Skills:
 - Level 1.7 Dodging
 - Level 1.7 Stealth
 + Level 4.8 Spellcasting
 - Level 15.2 Conjurations
 - Level 0.8 Transmutations
 - Level 1.0 Air Magic
 - Level 8.0 Poison Magic


You had 5 spell levels left.
You knew the following spells:

 Your Spells              Type           Power      Damage    Failure   Level
a - Sting                 Tmut/Pois      100%       1d8       1%          1
b - Mephitic Cloud        Conj/Pois/Air  44%        N/A       1%          3
c - Olgreb's Toxic Radia  Pois           44%        N/A       1%          4
d - Shock                 Conj/Air       100%       1d9       1%          1
e - Iskenderun's Battles  Conj           68%        2d12      1%          5

Your spell library contained the following spells:

 Spells                   Type           Power      Damage    Failure   Level
 Hailstorm                Conj/Ice       42%        3d10      1%          4
 Foxfire                  Conj/Fire      100%       2x1d9     1%          1
 Poisonous Vapours        Pois/Air       54%        N/A       1%          2
 Conjure Flame            Conj/Fire      42%        6-21      1%          3
 Flame Wave               Conj/Fire      42%        3d8       1%          4
 Fireball                 Conj/Fire      21%        3d10      3%          5
 Spider Form              Tmut/Pois      13%        N/A       4%          3
 Beastly Appendage        Tmut           18%        N/A       6%          1
 Inner Flame              Hex/Fire       5%         N/A       7%          3
 Wereblood                Tmut           9%         N/A       10%         2
 Slow                     Hex            5%         N/A       14%         2
 Confusing Touch          Hex            5%         N/A       26%         3
 Yara's Violent Unravell  Hex/Tmut       3%         3d4       45%         5
 Animate Dead             Necr           2%         N/A       65%         4
 Orb of Destruction       Conj           34%        9d12      4%          7
 Conjure Ball Lightning   Conj/Air       22%        3x3d6     13%         6
 Haunt                    Necr/Summ      2%         N/A       100%        7
 Infestation              Necr           2%         N/A       100%        8


Dungeon Overview and Level Annotations

Branches:
Dungeon (11/15)            Temple (1/1) D:4            Lair (0/6) D:10
    Orc (0/2) D:10          IceCv (1/1)

Altars:
Ashenzari
Cheibriados
Dithmenos
Elyvilon
Fedhas
Gozag
Hepliaklqana
Kikubaaqudgha
Makhleb
Okawaru
Qazlal
Trog
Vehumet
Xom
Yredelemnul
Zin
The Shining One
Jiyva

Shops:
D:3 [   D:8 (   D:10 (

Annotations:
IceCv exclusion: ice statue


Innate Abilities, Weirdness & Mutations

You have hoof-like feet.
You sometimes emit foul miasma when damaged in melee.
You are mostly covered in sharp spines.
Your movements are slightly less encumbered by armour. (ER -2)


Message History

You kill the ice beast!
The ice beast disappears in a puff of smoke!
You swap places.
You start resting.
HP restored.
Health restored: 68 You start waiting.
Done waiting.
Really walk into a travel-excluded area?
You hit the ice statue but do no damage.
Your +11 scimitar of Soiteosk {spect, Int+4} hits the ice statue!
The ice statue gestures at you. The bolt of cold misses you.
You slash the ice statue!
The ice statue is moderately damaged.
Your +11 scimitar of Soiteosk {spect, Int+4} hits the ice statue!!
The ice statue gestures at you. The freezing blast engulfs you!
You take 17 damage, and have 51/68 hp.
MASSIVE DAMAGE!!
You slash the ice statue!
The ice statue is heavily damaged.
Your +11 scimitar of Soiteosk {spect, Int+4} hits the ice statue!
You are engulfed in freezing vapours.
Ouch! That really hurt!
* * * LOW HITPOINT WARNING * * *
You take 34 damage, and have 17/68 hp.
MASSIVE DAMAGE!!
You feel much better.
You are engulfed in freezing vapours.
You regained 9 hp, and now have 26/68 hp.
You hit the ice statue but do no damage.
The ice statue is severely damaged.
Your +11 scimitar of Soiteosk {spect, Int+4} hits the ice statue!
You are engulfed in freezing vapours.
* * * LOW HITPOINT WARNING * * *
You take 23 damage, and have 3/68 hp.
MASSIVE DAMAGE!!
You feel much better.
You are engulfed in freezing vapours.
* * * LOW HITPOINT WARNING * * *
The ice statue glitters chillingly in the dim dungeon light.
The ice statue gestures at you. The freezing blast engulfs you!
You die...

##.....## ##...##
#...## ##...#
##...# #...##
####...####
##8#°....#?##
#.§@........#
#..○°.........#
#.............#
#...............#
#...............#
#.......⌠.......#
#...............#
#...............#


You could see an ice statue.

Vanquished Creatures
  A cyclops (D:11)
  An ice statue (IceCv)
  A gargoyle (D:10)
  A komodo dragon (D:10)
  A kobold demonologist (D:10)
  2 ice devils (IceCv)
  A shadow (D:9)
  A vampire (D:11)
  2 wyverns
  10 yaks
  2 steam dragons
  2 wargs (D:10)
  A water moccasin (D:8)
  5 orc warriors
  4 ice beasts
  A black bear (D:7)
  3 ogres
  2 necrophages
  7 centaurs
  4 phantoms
  5 kobold brigands
  3 bullfrogs
  2 scorpions
  A cane toad simulacrum (IceCv)
  A wyvern skeleton (D:6)
  2 water moccasin skeletons
  7 killer bees
  6 wights
  7 howler monkeys
  4 bullfrog zombies
  3 centaur zombies
  3 orc priests
  A bullfrog skeleton (D:6)
  5 hounds
  2 centaur skeletons
  5 iguanas
  7 orc wizards
  A spriggan simulacrum (IceCv)
  A troll simulacrum (IceCv)
  A hound zombie (D:5)
  2 hound skeletons
  2 howler monkey zombies (D:9)
  11 gnolls
  7 adders
  A shadow imp (D:6)
  2 white imps
  3 ufetubi
  An adder skeleton (D:4)
  3 worms
  2 dart slugs
  25 orcs
  6 endoplasms
  13 giant cockroaches
  4 goblins
  8 hobgoblins
  13 jackals
  23 kobolds
  3 quokkas (D:2)
  8 ball pythons
  3 bats
  2 frilled lizards (D:3)
  2 rats
263 creatures vanquished.

Vanquished Creatures (others)
  3 fungi (D:2)
3 creatures vanquished.

Grand Total: 266 creatures vanquished

Notes
Turn   | Place    | Note
-------+----------+-------------------------------------------
     0 | D:1      | jasper the Demonspawn Venom Mage began the quest for the
                  | Orb.
     0 | D:1      | Reached XP level 1. HP: 13/13 MP: 3/3
   397 | D:1      | Gained mutation: You may rarely emit foul miasma when
                  | damaged in melee. [demonic ancestry]
   397 | D:1      | Reached XP level 2. HP: 19/19 MP: 0/5
  1132 | D:2      | Found a faded altar of an unknown god.
  1146 | D:2      | Gained mutation: You are partially covered in sharp spines.
                  | [demonic ancestry]
  1146 | D:2      | Reached XP level 3. HP: 24/24 MP: 2/6
  1150 | D:2      | Learned a level 3 spell: Mephitic Cloud
  1749 | D:2      | Reached skill level 5 in Poison Magic
  1749 | D:2      | Reached XP level 4. HP: 29/30 MP: 2/7
  2777 | D:3      | Found Doul's Armour Shop.
  3150 | D:4      | Noticed a phantom
  3245 | D:4      | Reached XP level 5. HP: 35/35 MP: 0/8
  3344 | D:4      | Noticed an ogre
  3367 | D:4      | Killed an ogre
  3416 | D:4      | Learned a level 4 spell: Olgreb's Toxic Radiance
  3422 | D:4      | Gained mutation: You have large cloven feet. [demonic
                  | ancestry]
  3422 | D:4      | Reached XP level 6. HP: 41/41 MP: 4/9
  3690 | D:4      | Found a staircase to the Ecumenical Temple.
  3723 | Temple   | Entered the Ecumenical Temple
  3754 | Temple   | Became a worshipper of Vehumet
  3916 | D:4      | Reached skill level 1 in Conjurations
  3916 | D:4      | Gained mutation: You sometimes emit foul miasma when
                  | damaged in melee. [demonic ancestry]
  3916 | D:4      | Reached XP level 7. HP: 46/46 MP: 4/10
  4278 | D:4      | Reached skill level 2 in Conjurations
  4360 | D:5      | Entered Level 5 of the Dungeon
  4437 | D:5      | Reached skill level 3 in Conjurations
  4589 | D:5      | Found a shimmering altar of Xom.
  4601 | D:5      | Reached skill level 4 in Conjurations
  4715 | D:5      | Reached * piety under Vehumet
  4715 | D:5      | Offered knowledge of Shock by Vehumet.
  4718 | D:5      | Learned a level 1 spell: Shock
  5203 | D:5      | Reached skill level 5 in Conjurations
  5389 | D:3      | Bought a +2 pair of gloves for 231 gold pieces
  5556 | D:5      | Reached XP level 8. HP: 52/52 MP: 9/11
  5616 | D:6      | Reached skill level 6 in Conjurations
  5806 | D:6      | Reached skill level 1 in Air Magic
  5890 | D:6      | Reached skill level 7 in Conjurations
  5966 | D:6      | Reached skill level 8 in Conjurations
  6143 | D:6      | Found a burning altar of Makhleb.
  6888 | D:7      | Reached skill level 9 in Conjurations
  6888 | D:7      | Gained mutation: Your movements are slightly less
                  | encumbered by armour. (ER -2) [demonic ancestry]
  6888 | D:7      | Reached XP level 9. HP: 35/57 MP: 4/12
  7037 | D:7      | Found a hazy altar of Hepliaklqana.
  7038 | D:7      | Found a shadowy altar of Dithmenos.
  7403 | D:7      | Found an opulent altar of Gozag.
  7451 | D:8      | Reached skill level 10 in Conjurations
  7507 | D:8      | Learned a level 5 spell: Iskenderun's Battlesphere
  7686 | D:8      | Reached ** piety under Vehumet
  7987 | D:8      | Found an iron altar of Okawaru.
  8198 | D:8      | Offered knowledge of Foxfire by Vehumet.
  8199 | D:8      | Reached skill level 11 in Conjurations
  8518 | D:8      | Found Roasodo's Weapon Shoppe.
  8645 | D:8      | Found a basalt altar of Yredelemnul.
  8799 | D:8      | Gained mutation: You are mostly covered in sharp spines.
                  | [demonic ancestry]
  8799 | D:8      | Reached XP level 10. HP: 63/63 MP: 9/16
  8906 | D:9      | Found a stormy altar of Qazlal.
  8992 | D:9      | Reached skill level 12 in Conjurations
  9330 | D:9      | Found a blossoming altar of Fedhas.
  9494 | D:9      | Offered knowledge of Inner Flame by Vehumet.
  9949 | D:9      | Reached *** piety under Vehumet
  9950 | D:9      | Reached skill level 13 in Conjurations
  9980 | D:9      | Noticed a skeletal warrior
 10209 | D:10     | Entered Level 10 of the Dungeon
 10210 | D:10     | Found a staircase to the Lair.
 10215 | D:10     | Noticed a gargoyle
 10234 | D:10     | Killed a gargoyle
 10430 | D:10     | Identified a scroll of acquirement
 10430 | D:10     | Acquired the +11 scimitar of Soiteosk {spect, Int+4}
 10621 | D:10     | Reached skill level 14 in Conjurations
 10624 | D:10     | Offered knowledge of Sticky Flame by Vehumet.
 10901 | D:10     | Found a staircase to the Orcish Mines.
 11173 | D:10     | Gained mutation: You have hoof-like feet. [demonic
                  | ancestry]
 11173 | D:10     | Reached XP level 11. HP: 65/68 MP: 10/17
 11197 | D:10     | Found Miolouf's Weapon Boutique.
 11556 | D:11     | Reached **** piety under Vehumet
 11558 | D:11     | Reached skill level 15 in Conjurations
 11594 | D:11     | Found a frozen archway.
 11663 | IceCv    | Entered an ice cave
 11665 | IceCv    | Offered knowledge of Hailstorm by Vehumet.
 12368 | IceCv    | HP: 3/68 [ice statue] (23)]
 12369 | IceCv    | Killed from afar by an ice statue

Illustrated notes

Levels and vault maps discovered:
D:1:      lemuel_arrival_funnel, layout_rooms, minmay_tetromino_s2
D:2:      minmay_roachtagon, layout_basic, dreamdust_ecumenical_altar_grove,
          serial_park_tiny_2, grunt_ministairs_3, minivault_14
D:3:      layout_loops_ring, serial_shops,
          nicolae_shop_competitors_out_of_business
D:4:      layout_rooms, minmay_temple_entry_steel_oval, grunt_ministairs_13
D:5:      layout_basic, nicolae_overflow_crystal_walls
D:6:      layout_rooms, general_overflow_altar, hangedman_minor_gate_pass
D:7:      layout_cave_pools, pdpol_temple_overflow_zin_treasury_gozag_greed,
          riverfiend_overflow_shadow_ancestor
D:8:      layout_cave_pods, lemuel_zombie_altar_yredelemnul,
          gammafunk_temple_overflow_elements, serial_shops, kennysheep_mini
D:9:      minmay_bubble_buster, layout_rooms, kennysheep_little_box,
          nicolae_qazlal_general_emergency
D:10:     layout_rooms, lair_entry_dummy, erik_orc_3, serial_shops, shop,
          grunt_ogre_cave
D:11:     layout_roguey, serial_ice, serial_ice_c, serial_ice_e, serial_ice_i,
          serial_ice_f, portal_ice_cave_entry_pillars_2,
          minmay_misc_feat_columns
Temple:   pf_slime_end_temple
IceCv:    ice_cave_tombish

Skill      XL: |  1  2  3  4  5  6  7  8  9 10 11 |
---------------+----------------------------------+-----
Poison Magic   | 4 5 6 8 |  8.0
Conjurations   | 1 5 9 11 14 15 | 15.2
Air Magic      | 1 |  1.0
Spellcasting   | 4 |  4.8
Dodging        | |  1.7
Stealth        | |  1.7
Transmutations | |  0.8

Action                   |  1- 3 |  4- 6 |  7- 9 | 10-12 || total
-------------------------+-------+-------+-------+-------++-------
Melee: Spear             |    30 |    38 |    66 |     8 ||   142
       Scimitar          |       |       |       |    21 ||    21
 Cast: Sting             |    77 |    71 |    37 |       ||   185
       Olgreb's Toxic Ra |       |     1 |    32 |    23 ||    56
       Shock             |       |       |   170 |   126 ||   296
       Iskenderun's Batt |       |       |     5 |    18 ||    23
Evoke: Wand              |       |       |     3 |     3 ||     6
  Use: Scroll            |     3 |     4 |     4 |     9 ||    20
       Potion            |       |     1 |       |     3 ||     4
Armor: Robe              |    24 |    12 |    42 |       ||    78
       Steam dragon scal |       |       |     2 |    27 ||    29
Dodge: Dodged            |    37 |    53 |    89 |    48 ||   227

Table legend: (Time is in decaauts)
 A = Elapsed time spent in this place.
 B = Non-inter-level travel time spent in this place.
 C = Inter-level travel time spent in this place.
 D = Time resting spent in this place.
 E = Time spent auto-exploring this place.
 F = Levels seen in this place.
 G = Mean time per level.
                   A        B        C        D        E       F      G
               +--------+--------+--------+--------+--------+-----+--------+
         Total |  12402 |  11990 |    412 |   1862 |   8212 |  13 |  954.0 |
       Dungeon |  11647 |  11248 |    399 |   1238 |   8182 |  11 | 1058.8 |
        Temple |     45 |     32 |     13 |      0 |     16 |   1 |   45.0 |
      Ice Cave |    709 |    709 |      0 |    624 |     14 |   1 |  709.0 |
               +--------+--------+--------+--------+--------+-----+--------+

Top non-repeatable levels by time:
     D:8: 1460 daAuts
     D:9: 1319 daAuts
    D:10: 1207 daAuts
     D:4: 1181 daAuts
     D:3: 1179 daAuts
     D:5: 1134 daAuts
     D:1: 1117 daAuts
     D:2: 960 daAuts
     D:7: 925 daAuts
     D:6: 904 daAuts
   IceCv: 709 daAuts
    D:11: 255 daAuts
  Temple: 45 daAuts
